 Dungeon Crawl Stone Soup version 0.26-a0-642-g67e99244d3 (webtiles) character file.

Game seed: 1502353479569907833

6350 Colgate the Eclecticist (level 10, 50/50 HPs)
             Began as a Deep Elf Ice Elementalist on Sept 21, 2020.
             Was an Elder of Yredelemnul.
             Quit the game on level 9 of the Dungeon on Sept 23, 2020.
             The game lasted 02:07:44 (11970 turns).

Colgate the Eclecticist (DEIE)                     Turns: 11970, Time: 02:07:45

Health: 50/50      AC:  6    Str:  7    XL:     10   Next: 65%
Magic:  30/32      EV: 13    Int: 24    God:    Yredelemnul [****..]
Gold:   460        SH:  0    Dex: 15    Spells: 21/41 levels left

rFire    x x .     SeeInvis .   b - +2 shortbow (vorpal)
rCold    + + +     Faith    .   (shield currently unavailable)
rNeg     . . .     Spirit   .   S - +0 steam dragon scales
rPois    .         Reflect  .   p - +0 helmet
rElec    .         Harm     .   (no cloak)
rCorr    .         Rampage  .   (no gloves)
MR       ++...     Clarity  +   (no boots)
Stlth    ++........             z - amulet of regeneration
HPRegen  0.56/turn              l - ring of ice
MPRegen  0.23/turn              K - ring of ice

@: no status effects
A: clarity, cold resistance 1, magic resistance 1, strong 1
a: Recall Undead Slaves, Injury Mirror, Animate Dead, Drain Life, Renounce
Religion


You were on level 9 of the Dungeon.
You worshipped Yredelemnul.
Yredelemnul was greatly pleased with you.
You visited 1 branch of the dungeon, and saw 9 of its levels.
You also visited: Ossuary.

You collected 460 gold pieces.

Inventory:

Hand Weapons
 a - a +4 vorpal trident
 b - a +2 vorpal shortbow (weapon)
 q - the +1 mace "Jefuz" {freeze, rN++ MR-}
   (You found it on level 9 of the Dungeon)

   It has been specially enchanted to freeze those struck by it, causing extra
   injury to most foes and up to half again as much damage against particularly
   susceptible opponents.
   It can also slow down cold-blooded creatures.
   It greatly protects you from negative energy.
   It affects your resistance to hostile enchantments.
 R - a +0 broad axe of flaming
 U - a +2 antimagic great sword
Missiles
 e - 154 stones
 m - 38 poisoned darts
 n - 110 arrows (quivered)
 o - a throwing net
 t - 7 atropa-tipped darts
 E - 6 javelins
 J - 7 boomerangs
 O - 2 silver boomerangs
Armour
 p - a +0 helmet (worn)
 I - a +2 robe of fire resistance
 S - +0 steam dragon scales (worn)
Jewellery
 c - an uncursed ring of positive energy
 j - an uncursed ring of protection from magic
 l - a ring of ice (left hand)
 x - an uncursed ring of magical power
 y - a +4 ring of protection
 z - an amulet of regeneration (around neck)
 A - a +6 ring of strength
 K - a ring of ice (right hand)
 Y - an uncursed ring of magical power
Wands
 L - a wand of digging (6)
 T - a wand of paralysis (23)
 Z - a wand of polymorph (1)
Scrolls
 d - a scroll of amnesia {unknown}
 h - a scroll of enchant armour {unknown}
 k - 6 scrolls of remove curse
 s - 2 scrolls of noise {unknown}
 D - 5 scrolls of immolation {unknown}
 F - 2 scrolls of vulnerability {unknown}
 M - a scroll of fear {unknown}
 N - 2 scrolls of fog {unknown}
 V - a scroll of magic mapping {unknown}
Potions
 f - a potion of magic {unknown}
 g - 2 potions of brilliance
 i - 5 potions of curing
 r - 3 potions of heal wounds
 u - a potion of stabbing
 v - 2 potions of invisibility
 w - 2 potions of mutation
 B - 2 potions of flight
 C - 2 potions of might
 G - a potion of ambrosia {unknown}
 H - a potion of lignification {unknown}
 W - a potion of berserk rage {unknown}


   Skills:
 - Level 1.0 Maces & Flails
   Level 1.2(1.5) Slings
 - Level 5.0 Bows
 - Level 1.4(1.8) Throwing
 - Level 2.4 Dodging
 - Level 2.4 Stealth
 - Level 16.3 Spellcasting
 - Level 1.0 Conjurations
 - Level 1.7 Hexes
 - Level 3.0 Summonings
 + Level 0.0 Translocations
 - Level 8.4 Ice Magic
 - Level 2.1 Invocations


You had 21 spell levels left.
You knew the following spells:

 Your Spells              Type           Power        Failure   Level
a - Freeze                Ice            ####         1%          1
b - Frozen Ramparts       Ice            ######       1%          3
c - Ozocubu's Armour      Ice            #######.     1%          3
d - Hailstorm             Conj/Ice       #######.     3%          4
e - Summon Ice Beast      Ice/Summ       #######.     2%          4
f - Swiftness             Air            ###.....     4%          2
g - Portal Projectile     Hex/Tloc       ###...       6%          3

Your spell library contained the following spells:

 Spells                   Type           Power        Failure   Level
 Corona                   Hex            ####...      1%          1
 Slow                     Hex            ####....     1%          2
 Shock                    Conj/Air       ###.         2%          1
 Confusing Touch          Hex            ####....     4%          3
 Inner Flame              Hex/Fire       ###.....     6%          3
 Static Discharge         Conj/Air       ###.....     7%          3
 Gell's Gravitas          Tloc           ###.......   9%          3
 Metabolic Englaciation   Hex/Ice        #######...   10%         5
 Cause Fear               Hex            ####......   14%         4
 Leda's Liquefaction      Hex/Erth       ###.......   19%         4
 Airstrike                Air            ###.......   28%         4
 Petrify                  Tmut/Erth      ###.....     28%         4
 Yara's Violent Unravell  Hex/Tmut       ###.......   47%         5
 Lightning Bolt           Conj/Air       ###.......   52%         5


Dungeon Overview and Level Annotations

Branches:
Dungeon (9/15)             Temple (0/1) D:4            Lair (0/6) D:8
Ossuary (visited)
    Orc: D:9-12

Altars:
Ashenzari
Dithmenos
Elyvilon
Gozag
Hepliaklqana
Nemelex Xobeh
Qazlal
Sif Muna
Vehumet
Wu Jian
Yredelemnul
Zin

Shops:
D:5 *

Annotations:
D:9 1 runed translucent door


Innate Abilities, Weirdness & Mutations

You possess an exceptional clarity of mind.
Your flesh is cold resistant. (rC+)
You are resistant to hostile enchantments. (MR+)
Your muscles are strong. (Str +2)


Message History

The wall freezes the yak!
You kill the yak!
Yredelemnul accepts your kill.
Your Hexes skill increases to level 1!
You are no longer teleporting projectiles to their destination.
The frozen ramparts melt away.
You swap places.
n - 108 arrows (gained 1)
n - 110 arrows (gained 2)
You see here a yak corpse.
You call on the dead to rise...
The dead are walking and flying!
Okay, then.
Saving game... please wait.
Level annotation: 1 runed translucent door Welcome back, Colgate the Deep Elf Ice Elementalist.
Yredelemnul says: Carry the black torch!
Rouse the idle dead!
Press ? for a list of commands and other information.
Okay, then.
Okay, then.
Are you sure you want to abandon this character and quit the game? (Confirm with "yes".)

.#..##.......#
.#.##..#.#.#..#
.#.#..#######..#
.#.#..#z....#..#
...'.#zz.....#.+
...#..#.....#..#
...#..#######. #
##.##..#.#.#.. ###+###
#..##.......###@Z...#
##...##.....###z#Z.##.#
#..###.....###z##...#
..##.....####MZ# ....#
.####...####.Z## )..##
###.##.##.##...# ).##
#.##.#.#.##...## }..
#..##...##.....# ...
'.....⌠......#.#


You could see 2 friendly flying skulls, a friendly mummy, a friendly quokka
zombie, a friendly yak zombie, a friendly hippogriff zombie and a friendly
vampire mosquito zombie.

Vanquished Creatures
  A two-headed ogre (D:9)
  A cyclops (D:9)
  Maggie (D:6)
  A yak (D:9)
  Eustachio (D:4)
  Menkaure (D:7)
  Edmund (D:4)
  3 orc warriors
  A sky beast (D:9)
  A phantom (D:6)
  4 ogres
  A lemure (D:7)
  4 bullfrogs
  Dowan (D:4)
  A killer bee (D:8)
  3 scorpions
  A wight (D:8)
  An electric eel (D:7)
  A centaur zombie (Ossuary)
  A human zombie (Ossuary)
  A jelly (D:5)
  5 hounds
  4 orc priests
  3 iguanas
  8 worker ants
  4 orc wizards
  2 hound skeletons
  6 mummies
  A worker ant zombie (D:6)
  9 adders
  An ooze (D:4)
  2 adder skeletons
  3 worms
  3 dart slugs
  A leopard gecko (D:2)
  26 orcs
  5 giant cockroaches
  3 gnoll zombies (Ossuary)
  A hobgoblin (D:2)
  11 jackals
  14 kobolds
  4 quokkas
  3 ball pythons
  11 bats
  5 frilled lizards
  2 goblins (D:2)
  A jackal skeleton (D:4)
  2 kobold zombies
  A leopard gecko skeleton (D:4)
  2 leopard gecko zombies (D:5)
  2 orc zombies (Ossuary)
  A quokka skeleton (D:5)
  10 rats
187 creatures vanquished.

Vanquished Creatures (collateral kills)
  A two-headed ogre (D:8)
  Pikel (D:7)
  Psyche (D:8)
  A hippogriff (D:9)
  A vampire mosquito (D:9)
  Duvessa (D:4)
  An orc warrior (D:6)
  2 ice beasts
  A sky beast (D:8)
  A necrophage (D:9)
  A black bear (D:8)
  An ogre (D:8)
  3 centaurs
  A big kobold (D:8)
  4 bullfrogs
  A scorpion (D:8)
  2 killer bees (D:8)
  2 wights (D:8)
  An electric eel (D:7)
  3 orc wizards
  2 iguanas
  A worker ant (D:9)
  A killer bee zombie (D:9)
  A shadow imp (D:7)
  An ufetubus (D:9)
  An adder skeleton (D:5)
  A worm (D:3)
  4 orcs
  A goblin (D:3)
  2 kobolds (D:8)
  A quokka (D:9)
  A human zombie (D:6)
47 creatures vanquished.

Vanquished Creatures (others)
  2 flying skulls
  A bullfrog zombie (D:7)
  A bat zombie (D:3)
  A big kobold zombie (D:7)
  An ogre zombie (D:7)
  4 adder zombies
  A centaur zombie (D:6)
  A human zombie (D:4)
  3 iguana zombies
  A jackal zombie (D:4)
  A killer bee zombie (D:8)
  10 orc zombies
  2 quokka zombies (D:4)
  2 rat zombies (D:3)
  A scorpion zombie (D:8)
  A worker ant zombie (D:4)
  A worm zombie (D:4)
  16 plants (D:7)
50 creatures vanquished.

Grand Total: 284 creatures vanquished

Notes
Turn   | Place    | Note
-------+----------+-------------------------------------------
     0 | D:1      | Colgate the Deep Elf Ice Elementalist began the quest for
                  | the Orb.
     0 | D:1      | Reached XP level 1. HP: 10/10 MP: 6/6
   204 | D:1      | Reached XP level 2. HP: 15/15 MP: 5/8
   313 | D:1      | Reached skill level 5 in Ice Magic
  1229 | D:2      | Reached XP level 3. HP: 19/19 MP: 7/9
  1234 | D:2      | Learned a level 3 spell: Frozen Ramparts
  1238 | D:2      | Learned a level 3 spell: Ozocubu's Armour
  1946 | D:2      | Found a faded altar of an unknown god.
  1985 | D:2      | Became a worshipper of Yredelemnul the Dark
  1985 | D:2      | Reached * piety under Yredelemnul
  2480 | D:3      | Found a stormy altar of Qazlal.
  2618 | D:3      | Reached XP level 4. HP: 17/24 MP: 4/11
  2620 | D:3      | Reached skill level 4 in Spellcasting
  2643 | D:3      | Reached skill level 1 in Slings
  2938 | D:3      | Reached skill level 1 in Invocations
  2938 | D:3      | Reached XP level 5. HP: 17/28 MP: 11/13
  3559 | D:4      | Noticed Eustachio
  3559 | D:4      | Noticed Edmund
  3616 | D:4      | Found a sand-covered staircase.
  3721 | Ossuary  | Entered an ossuary
  4137 | Ossuary  | Reached XP level 6. HP: 29/32 MP: 12/14
  4253 | Ossuary  | Gained mutation: Your flesh is cold resistant. (rC+)
                  | [potion of mutation]
  4253 | Ossuary  | Gained mutation: You are resistant to hostile enchantments.
                  | (MR+) [potion of mutation]
  4253 | Ossuary  | Gained mutation: You possess an exceptional clarity of
                  | mind. [potion of mutation]
  4253 | Ossuary  | Gained mutation: Your muscles are strong. (Str +2) [potion
                  | of mutation]
  4342 | D:4      | Reached skill level 1 in Maces & Flails
  4423 | D:4      | Reached ** piety under Yredelemnul
  4651 | D:4      | Reached skill level 5 in Spellcasting
  4706 | D:4      | Found a staircase to the Ecumenical Temple.
  4752 | D:4      | Killed Eustachio
  4752 | D:4      | Reached XP level 7. HP: 27/36 MP: 5/17
  4765 | D:4      | Your ally Eustachio died
  4986 | D:4      | Killed Edmund
  4992 | D:4      | Learned a level 4 spell: Hailstorm
  4997 | D:4      | Learned a level 4 spell: Summon Ice Beast
  5296 | D:4      | Reached skill level 6 in Spellcasting
  5553 | D:4      | Noticed Dowan
  5554 | D:4      | Noticed Duvessa
  5558 | D:4      | Killed Dowan
  5560 | D:4      | Killed Duvessa
  5560 | D:4      | Reached skill level 7 in Spellcasting
  5795 | D:5      | Entered Level 5 of the Dungeon
  6032 | D:5      | Reached skill level 8 in Spellcasting
  6147 | D:5      | Found a shimmering blue altar of Sif Muna.
  6183 | D:5      | Reached XP level 8. HP: 41/41 MP: 22/22
  6402 | D:5      | Learned a level 2 spell: Swiftness
  6595 | D:5      | Reached skill level 9 in Spellcasting
  6707 | D:5      | Found Zin's Purification Station.
  6710 | D:5      | Found a glowing silver altar of Zin.
  7229 | D:6      | Reached skill level 10 in Spellcasting
  7365 | D:6      | Reached skill level 1 in Conjurations
  7737 | D:6      | Found a white marble altar of Elyvilon.
  7742 | D:6      | Found an opulent altar of Gozag.
  7745 | D:6      | Found a basalt altar of Yredelemnul.
  7756 | D:6      | Found a hazy altar of Hepliaklqana.
  7942 | D:6      | Noticed Maggie
  8000 | D:6      | Killed Maggie
  8000 | D:6      | Reached skill level 11 in Spellcasting
  8288 | D:7      | Reached XP level 9. HP: 41/45 MP: 12/26
  8291 | D:7      | Found a shadowy altar of Dithmenos.
  8461 | D:7      | Noticed Pikel
  8468 | D:7      | Reached *** piety under Yredelemnul
  8472 | D:7      | Killed Pikel
  8472 | D:7      | Reached skill level 12 in Spellcasting
  8477 | D:7      | Reached skill level 1 in Bows
  8774 | D:7      | Found a shattered altar of Ashenzari.
  8816 | D:7      | Your ally Pikel died
  8939 | D:7      | Noticed Menkaure
  8947 | D:7      | Killed Menkaure
  9189 | D:7      | Reached skill level 13 in Spellcasting
  9399 | D:7      | Reached skill level 1 in Throwing
  9757 | D:8      | Received a gift from Yredelemnul (4 flying skulls)
 10084 | D:8      | Found a staircase to the Lair.
 10222 | D:8      | Received a gift from Yredelemnul (a mummy)
 10434 | D:8      | Noticed Psyche
 10442 | D:8      | Killed Psyche
 10442 | D:8      | Reached skill level 14 in Spellcasting
 10442 | D:8      | Reached XP level 10. HP: 50/50 MP: 22/30
 10494 | D:8      | Found an ornate altar of the Wu Jian Council.
 10733 | D:8      | Found a sparkling altar of Nemelex Xobeh.
 10916 | D:8      | Noticed a two-headed ogre
 10928 | D:8      | Killed a two-headed ogre
 11004 | D:8      | Found a radiant altar of Vehumet.
 11160 | D:9      | Reached skill level 15 in Spellcasting
 11164 | D:9      | Reached skill level 5 in Bows
 11328 | D:9      | Learned a level 3 spell: Portal Projectile
 11487 | D:9      | Found a runed translucent door.
 11487 | D:9      | Noticed a cyclops
 11491 | D:9      | Killed a cyclops
 11592 | D:9      | Got a smoking mace
 11592 | D:9      | Identified the +1 mace "Jefuz" {freeze, rN++ MR-} (You
                  | found it on level 9 of the Dungeon)
 11668 | D:9      | Reached **** piety under Yredelemnul
 11856 | D:9      | Received a gift from Yredelemnul (a mummy)
 11885 | D:9      | Noticed a two-headed ogre
 11899 | D:9      | Killed a two-headed ogre
 11899 | D:9      | Reached skill level 16 in Spellcasting
 11902 | D:9      | Reached skill level 1 in Hexes
 11970 | D:9      | Quit the game

Illustrated notes

Levels and vault maps discovered:
D:1:      ncdulo_watergridlock, layout_basic
D:2:      layout_loops_corners, chequers_ecumenical_altar_island
D:3:      layout_basic, lemuel_round_altar
D:4:      layout_basic, minmay_temple_entry_ruins, gup_ossuary_entry_pyramid,
          uniq_eustachio, uniq_duvessa, uniq_edmund
D:5:      layout_loops_cross, kennysheep_mini_moat, zin_purify
D:6:      layout_gridville, grunt_temple_overflow_cloverleaf, uniq_maggie
D:7:      layout_cave_pools, cheibrodos_ashenzari_chains,
          nicolae_dithmenos_the_darkroom, minmay_misc_feat_square,
          serial_bayou_lagoon_a, uniq_pikel, uniq_menkaure
D:8:      layout_loops_ring, lemuel_round_altar, lemuel_coloured_pillars_altar,
          dpeg_oklobed_lair, nemelex_lonely_heart_becter, uniq_psyche
D:9:      minmay_the_grid_octo_triangle [minmay_the_grid_octo_clover_2,
          minmay_the_grid_octo_prize_ultimate_mussel_roller,
          minmay_the_grid_octo_chip], layout_loops_ring,
          kennysheep_vampire_church, ebering_dispersal_statue_hall, minivault_13

Skill      XL: |  1  2  3  4  5  6  7  8  9 10 |
---------------+-------------------------------+-----
Ice Magic      | 5 6 7 8 |  8.4
Spellcasting   | 4 5 8 11 14 16 | 16.3
Slings         | 1 |  1.2
Invocations    | 1 2 |  2.1
Maces & Flails | 1 |  1.0
Conjurations   | 1 |  1.0
Summonings     | 2 3 |  3.0
Bows           | 4 5 |  5.0
Throwing       | 1 |  1.4
Hexes          | 1 |  1.7
Dodging        | |  2.4
Stealth        | |  2.4

Action                   |  1- 3 |  4- 6 |  7- 9 | 10-12 || total
-------------------------+-------+-------+-------+-------++-------
Melee: Mace              |     1 |    14 |       |       ||    15
       Whip              |       |    77 |     4 |       ||    81
       Trident           |       |       |    22 |     8 ||    30
 Fire: Hunting sling     |    29 |    63 |    57 |       ||   149
       Shortbow          |       |       |    55 |    30 ||    85
Throw: Stone             |    11 |     2 |       |       ||    13
       Dart              |     6 |       |       |       ||     6
       Javelin           |       |       |    11 |       ||    11
 Cast: Freeze            |    38 |     7 |    19 |     7 ||    71
       Frozen Ramparts   |    14 |    11 |    26 |    13 ||    64
       Ozocubu's Armour  |     1 |    21 |     5 |     1 ||    28
       Hailstorm         |       |       |    42 |     2 ||    44
       Summon Ice Beast  |       |       |    44 |     9 ||    53
       Portal Projectile |       |       |       |     4 ||     4
Invok: Animate Remains   |     6 |     7 |    26 |       ||    39
       Animate Dead      |       |       |    21 |    10 ||    31
       Recall Undead Sla |       |       |     2 |       ||     2
  Use: Scroll            |       |     9 |     2 |     1 ||    12
       Potion            |       |     1 |     1 |       ||     2
 Stab: Sleeping          |       |     2 |       |       ||     2
       Distracted        |       |       |     1 |       ||     1
Armor: Robe              |     7 |    24 |     3 |       ||    34
       Steam dragon scal |       |       |     8 |     3 ||    11
Dodge: Dodged            |    21 |    43 |    26 |    12 ||   102

Table legend: (Time is in decaauts)
 A = Elapsed time spent in this place.
 B = Non-inter-level travel time spent in this place.
 C = Inter-level travel time spent in this place.
 D = Time resting spent in this place.
 E = Time spent auto-exploring this place.
 F = Levels seen in this place.
 G = Mean time per level.
                   A        B        C        D        E       F      G
               +--------+--------+--------+--------+--------+-----+--------+
         Total |  13295 |  12845 |    450 |    396 |   9843 |  10 | 1329.5 |
       Dungeon |  12712 |  12262 |    450 |    301 |   9836 |   9 | 1412.4 |
       Ossuary |    583 |    583 |      0 |     95 |      7 |   1 |  583.0 |
               +--------+--------+--------+--------+--------+-----+--------+

Top non-repeatable levels by time:
     D:8: 2072 daAuts
     D:4: 1720 daAuts
     D:2: 1616 daAuts
     D:3: 1454 daAuts
     D:5: 1411 daAuts
     D:7: 1369 daAuts
     D:6: 1248 daAuts
     D:1: 982 daAuts
     D:9: 836 daAuts
 Ossuary: 583 daAuts
